Winsalot, neutral male human Tourist ------- #-......# |.....|# ------ |.....|# |`... |.<...|# |.... |...*.|# |...- -------# ...| # |..`| # ....| | # |...- --- .| # ##......`.....| # # |`.........`| #----- ----+- ### ------------- #|...| |....| # #|[..| |....@B### #-.).| |....| |...+ ------ ----- Winsalot the Sightseer Experience level: 3 Strength: 13 Dexterity: 10 Constitution: 9 Intelligence: 13 Wisdom: 10 Charisma: 18 Health: 0(16) Energy: 13(13) Def: 1 Gold: 652 Moves: 1853 Dungeon seed: v2a7dR_5KrOgifVR Game ID: Winsalot_1583942719 Your Inventory: Coins $ - 652 gold pieces Weapons a - 22 uncursed +2 darts (in quiver) B - an uncursed +0 scimitar (weapon in hand) Armor e - an uncursed +0 Hawaiian shirt (being worn) y - an uncursed +0 orcish helm (being worn) Comestibles c - an uncursed cram ration d - an uncursed egg f - 4 uncursed tripe rations g - an uncursed fortune cookie w - an uncursed lembas wafer E - an uncursed lichen corpse H - an uncursed food ration Scrolls l - 3 uncursed scrolls of magic mapping m - a blessed scroll of magic mapping x - an uncursed scroll of food detection D - an uncursed scroll of teleportation Potions k - 3 uncursed potions of extra healing u - a blessed potion of paralysis v - an uncursed potion of sleeping z - a cursed potion of oil Wands t - an uncursed wand of teleportation (0:4) Tools n - an uncursed credit card o - an uncursed expensive camera (0:70) p - an uncursed leash q - an uncursed magic marker (0:0) r - an uncursed tin opener s - an uncursed towel A - an uncursed tallow candle (0:200) Spells and supernatural/magical abilities: Name Level Category Cost Memory c - cause fear 3 enchantment 3000pw 100% W - pray for help -- divine ? -- Your skills at the end: Fighting Skills wands [Basic] Weapon Skills dart [Basic] Spellcasting Skills Final Attributes: You were piously aligned. You were lucky. The Lady was noncommittal. You are dead. Vanquished creatures: 3 bugbears 3 gnome lords a gnomish wizard a kobold mummy a little dog a kobold lord an iguana an acid blob a large kobold 5 hobgoblins a brown mold a yellow mold a red mold a gnome 6 jackals a fox 3 kobolds 3 goblins 4 sewer rats a grid bug 2 bats 3 lichens 8 newts 53 creatures vanquished. Voluntary challenges: You were an atheist. You used a wielded weapon 4 times, starting on turn 1532. You read items or engraved 8 times, starting on turn 172. You never genocided any monsters. You never polymorphed an object. You never changed form. You used no wishes. You never split a pudding. You never wrote Elbereth's name. You never violated your personal moral code. Dungeon overview: The Dungeons of Doom: levels 1 to 6 Level 1 a fountain a long staircase Level 2 a fountain a long staircase Level 3 a general store Level 4 Level 5 a sink, a vault Level 6 <- You were here History has recorded: On T:1 you entered the Dungeons of Doom to retrieve the Amulet of Yendor! On T:284 you reached level 2 of The Dungeons of Doom. On T:634 you reached level 3 of The Dungeons of Doom. On T:1001 you reached level 4 of The Dungeons of Doom. On T:1268 you advanced to experience level 2. On T:1287 you reached level 5 of The Dungeons of Doom. On T:1391 you advanced to experience level 3. On T:1767 you reached level 6 of The Dungeons of Doom. Score breakdown: Gold: 433 ( 8971 points) Experience: 3 levels ( 7878 points) Exploration: 6 levels ( 12.77%) ( 9890 points) Discoveries: 4 items ( 1.32%) ( 3446 points) Valuables value: (no points given unless you survive) Artifact value: 0 ( 0 points) Variety of kills: 23 monsters ( 6.05%) ( 7380 points) Turncount: 1853 turns ( 0 points) Survival: died (score multiplied by 80%) Total score: 30052 Latest messages: The spellbook crumbles to dust! (You can name a dull spellbook from the item naming menu.) You can move again. You see here a food ration. H - a food ration. You see here a statue of a female mountain centaur. You stop exploring. You hit the giant rat. The giant rat bites! You miss the giant rat. The giant rat bites! You miss the giant rat. The giant rat bites! The door resists! The door resists! The door resists! You miss the bat. The bat bites! (2x) The dart misses the bat. a - an uncursed +2 dart (in quiver). The bat bites! You die... Final status: Aloha Winsalot the Tourist, killed by a bat... You died in The Dungeons of Doom on dungeon level 6 with 30052 points, and 652 pieces of gold, after 1853 moves. You were level 3 with a maximum of 16 hit points when you died.